 Dungeon Crawl Stone Soup version 0.28.0-49-g6dfe1f597d (webtiles) character file.

Game seed: 9855589417107427731

177 Exodus22XD the Covered (level 5, 3/49 HPs)
             Began as a Deep Dwarf Fighter on May 14, 2022.
             Quit the game on level 1 of the Dungeon.
             The game lasted 00:02:31 (2414 turns).

Exodus22XD the Covered (Deep Dwarf Fighter)         Turns: 2414, Time: 00:02:31

Health: 3/49       AC:  9    Str: 21    XL:     5   Next: 30%
Magic:  5/5        EV:  9    Int:  9    God:
Gold:   104        SH:  5    Dex: 12    Spells: 4/4 levels left

rFire   . . .      SeeInvis .   a - +0 war axe
rCold   . . .      Faith    .   c - +0 buckler
rNeg    . . .      Spirit   .   b - +0 scale mail
rPois   .          Reflect  .   n - +0 helmet
rElec   .          Harm     .   (no cloak)
rCorr   .          Rampage  .   j - +0 pair of gloves
Will    .....                   (no boots)
Stlth   ..........              (no amulet)
HPRegen 0.00/turn               (no ring)
MPRegen 0.09/turn               (no ring)

@: no status effects
A: damage resistance, heal wounds, sense surroundings 1, no regeneration
a: Heal Wounds


You were on level 1 of the Dungeon.
You visited 1 branch of the dungeon, and saw 4 of its levels.

You collected 104 gold pieces.

Inventory:

Hand Weapons
 a - a +0 war axe (weapon)
Armour
 b - a +0 scale mail (worn)
 c - a +0 buckler (worn)
 j - a +0 pair of gloves (worn)
 n - a +0 helmet (worn)
Jewellery
 e - a ring of fire
 m - a ring of poison resistance
Scrolls
 f - 3 scrolls of identify {unknown}
 g - 2 scrolls of fog {unknown}
 h - a scroll of holy word {unknown}
 i - a scroll of noise {unknown}
 k - a scroll of enchant weapon {unknown}
 l - a scroll of blinking {unknown}
 o - a scroll of silence {unknown}
 p - a scroll of immolation {unknown}
Potions
 d - a potion of might
 q - a potion of lignification {unknown}


   Skills:
 + Level 3.3 Fighting
 + Level 4.1 Axes
 + Level 4.5 Armour
 + Level 4.0 Shields


You had 4 spell levels left.
You didn't know any spells.
Your spell library contained the following spells:

 Spells                   Type           Power      Damage    Failure   Level
 Conjure Flame            Conj/Fire      0%         6-21      99%         3
 Ignite Poison            Fire/Tmut/Pois 0%         N/A       99%         3
 Sticky Flame             Conj/Fire      0%         2d3       100%        4


Dungeon Overview and Level Annotations

Branches:
Dungeon (4/15)
 Temple: D:4-7

Altars:

Annotations:
D:4 Menkaure


Innate Abilities, Weirdness & Mutations

You are resistant to damage.
You can heal yourself by infusing magical energy.
You passively map a small area around you.
You do not regenerate.


Message History

You now have 92 gold pieces (gained 13).
There is an escape hatch in the ceiling here.
A mysterious force pulls you upwards. The hatch slams shut behind you.
There is an open door here.
A hobgoblin comes into view.
The hobgoblin shouts!
A hobgoblin is nearby!
A hobgoblin is nearby!
The hobgoblin hits you but does no damage.
You barely miss the hobgoblin. The hobgoblin barely misses you.
You hit the hobgoblin.
You kill the hobgoblin!
You are too injured to fight recklessly!
A ball python comes into view.
The ball python hisses angrily.
The ball python moves out of view.
A ball python is nearby!
A ball python is nearby!
You closely miss the ball python. You block the ball python's attack. x2
You slash the ball python!
You kill the ball python!
You see here a ball python corpse.
You now have 96 gold pieces (gained 4).
You open the door.
Found a stone staircase leading up.
You now have 104 gold pieces (gained 8).
You open the door.
There is an open door here.
There is an open door here.
Done exploring.
Done exploring.
There is an open door here.
There is a stone staircase leading up here.
You climb upwards.
There is a stone staircase leading down here.
Search for what [? for help]? god Can't find anything matching that.
Unknown command.
Unknown command.
Are you sure you want to abandon this character and quit the game? (Confirm with "yes".)

#..#########.##..............
#####..# #.##.#############
.......#########.##.#
...............#.##.# ###
####...........#.##.# #..
...#...........#.##.### #.#
##.#...........#.##.#.# ###'#
#.#...........#.##.#.#######....
#.#......>.....@................
###.)..##..##.#.##.#.#######....
####....##..##.#.##.#.# #.......#
........##............###.#######
####..#.##.......................
...............#.####.###.#######
.###..#.#####....####.###.# #. .#
#..#.# #............##.# #. .#
#..#.# #.#....####..##'#### #.


There were no monsters in sight!

Vanquished Creatures
  A black bear (D:2)
  Robin (D:2)
  2 adders (D:2)
  2 worms
  2 dart slugs
  An orc (D:3)
  4 endoplasms
  2 giant cockroaches
  10 goblins
  8 hobgoblins
  3 quokkas
  4 ball pythons
  2 frilled lizards (D:2)
  5 kobolds
  4 rats (D:2)
51 creatures vanquished.

Vanquished Creatures (others)
  A kobold (D:4)
1 creature vanquished.

Grand Total: 52 creatures vanquished

Notes
Turn   | Place    | Note
-------+----------+-------------------------------------------
     0 | D:1      | Exodus22XD the Deep Dwarf Fighter began the quest for the
                  | Orb.
     0 | D:1      | Reached XP level 1. HP: 20/20 MP: 1/1
   716 | D:1      | Reached XP level 2. HP: 18/27 MP: 2/2
  1398 | D:2      | Reached XP level 3. HP: 15/34 MP: 3/3
  1540 | D:2      | Noticed Robin
  1594 | D:2      | Killed Robin
  1595 | D:2      | Reached XP level 4. HP: 6/42 MP: 4/4
  1721 | D:2      | Noticed a black bear
  1730 | D:2      | Killed a black bear
  1731 | D:2      | Reached XP level 5. HP: 26/49 MP: 5/5
  1906 | D:2      | You fall into a shaft and drop 2 floors!
  2055 | D:4      | Noticed Menkaure
  2414 | D:1      | Quit the game

Illustrated notes

Levels and vault maps discovered:
D:1:      dpeg_arrival_tiny_k, layout_basic
D:2:      layout_basic, minmay_misc_feat_enclosed, st_stairs_2,
          columned_hall_lemuel, uniq_robin
D:3:      layout_loops_corners, nicolae_concentric_dashed_squares_mild,
          chequers_serial_rivers_small_3
D:4:      layout_layer_cave, minmay_temple_entry_statues, serial_shops, shop,
          minmay_misc_feat_pillars, uniq_menkaure

Skill      XL: |  1  2  3  4  5 |
---------------+----------------+-----
Fighting       | 3 |  3.3
Armour         | 4 |  4.5
Axes           | 3 4 |  4.1
Shields        | 4 |  4.0

Action                   |  1- 3 |  4- 6 || total
-------------------------+-------+-------++-------
Melee: War axe           |   109 |    45 ||   154
 Abil: Heal Wounds       |       |     1 ||     1
Armor: Scale mail        |    66 |    23 ||    89
Dodge: Dodged            |    54 |    18 ||    72
Block: Buckler           |    26 |    10 ||    36
